 Dungeon Crawl Stone Soup version 0.27-a0-1565-gad902ab807 (webtiles) character file.

Game seed: 12737382097783177816

623 elagabalus the Spear-Bearer (level 7, -3/50 HPs)
             Began as a Merfolk Gladiator on July 16, 2021.
             Killed from afar by a white imp (10 damage)
             ... with a puff of frost
             ... summoned by Eustachio
             ... on level 4 of the Dungeon.
             The game lasted 00:30:16 (3365 turns).

elagabalus the Spear-Bearer (Merfolk Gladiator)     Turns: 3365, Time: 00:30:17

Health: -3/50      AC:  4    Str: 14    XL:     7   Next: 46%
Magic:  7/7        EV: 14    Int:  8    God:
Gold:   97         SH:  0    Dex: 17    Spells: 6/6 levels left

rFire    . . .     SeeInvis .   a - +0 trident
rCold    . . .     Faith    .   (no shield)
rNeg     . . .     Spirit   .   e - +0 robe
rPois    +         Reflect  .   c - +0 helmet
rElec    .         Harm     .   (no cloak)
rCorr    +         Rampage  .   i - +0 pair of gloves
Will     .....                  (no boots)
Stlth    ++........             (no amulet)
HPRegen  0.16/turn              h - ring of poison resistance
MPRegen  0.10/turn              o - ring of resist corrosion

@: no status effects
A: (nimble swimmer 2), mertail
a: no special abilities


You were on level 4 of the Dungeon.
You visited 1 branch of the dungeon, and saw 5 of its levels.

You collected 97 gold pieces.

Inventory:

Hand Weapons
 a - a +0 trident (weapon)
Missiles
 b - 7 curare-tipped darts
 d - 2 throwing nets (quivered)
 l - 3 javelins
 m - 84 stones
Armour
 c - a +0 helmet (worn)
 e - a +0 robe (worn)
 i - a +0 pair of gloves (worn)
Jewellery
 h - a ring of poison resistance (left hand)
 o - a ring of resist corrosion (right hand)
Wands
 k - a wand of polymorph (8)
Scrolls
 j - a scroll of amnesia
 n - a scroll of fear
 p - 2 scrolls of fog
Potions
 f - a potion of curing
 q - a potion of degeneration


   Skills:
 - Level 2.1 Fighting
 * Level 11.7 Polearms
 - Level 2.0 Throwing
 - Level 4.0 Dodging


You had 6 spell levels left.
You didn't know any spells.
Your spell library contained the following spells:

 Spells                   Type           Power      Damage    Failure   Level
 Sublimation of Blood     Necr           0%         N/A       54%         2
 Petrify                  Tmut/Erth      0%         N/A       99%         4
 Irradiate                Conj/Tmut      0%         3d14      100%        5


Dungeon Overview and Level Annotations

Branches:
Dungeon (5/15)
 Temple: D:4-7

Altars:
Ru

Portals:
Sewer: D:5

Annotations:
D:4 Eustachio


Innate Abilities, Weirdness & Mutations

((You are quick and stealthy near water. (Stealth+, EV+, Speed+++)))
Your lower body shifts to a powerful aquatic tail in water.


Message History

Eustachio hits you with a +0 rapier. The white imp hits you.
The white imp freezes you.
You miss Eustachio.
Eustachio is moderately wounded.
Eustachio hits you with a +0 rapier! The white imp closely misses you.
You puncture Eustachio!
Eustachio is severely wounded.
You hit Eustachio but do no damage.
Eustachio is severely wounded.
Eustachio closely misses you. The white imp hits you.
The white imp freezes you.
You hit Eustachio but do no damage.
Eustachio is severely wounded.
Eustachio mumbles some strange words.
Eustachio blinks!
The white imp barely misses you.
You hit the white imp.
The white imp is heavily wounded.
The white imp hits you. The white imp freezes you.
* * * LOW HITPOINT WARNING * * *
You hit the white imp.
The white imp is heavily wounded.
The white imp hits you but does no damage.
You hit the white imp.
The white imp is severely wounded.
The white imp hits you but does no damage.
The white imp misses you.
You hit the white imp but do no damage.
The white imp is severely wounded.
The white imp barely misses you.
The white imp hits you but does no damage.
You closely miss the white imp.
The white imp is severely wounded.
The white imp gestures at you. The puff of frost hits you!
* * * LOW HITPOINT WARNING * * *
You hit the white imp but do no damage.
The white imp is severely wounded.
The white imp gestures at you. The puff of frost hits you!
You die...

[... ..# # ##
..#.# ###.
..#.###...# ##.#.
(.....## ...##
#.....# .# #@..#
#...#.# .# #5#
#...#.# #.# #@#
#.>.##..# #5#
.#####..#..###
#5#
........).....
#.#
#####.....#..#
#.##........#.# .
#.#..######...###
#####...##
##...).#
#........#
#..###.#
#........#
#..###)##


You could see Eustachio, 2 white imps and an ufetubus (summoned).

Vanquished Creatures
  Grinder (D:3)
  An ogre (D:4)
  A centaur (D:5)
  A hound (D:5)
  An orc priest (D:3)
  A centaur skeleton (D:5)
  An iguana (D:5)
  A hound zombie (D:5)
  Robin (D:3)
  5 adders
  An adder skeleton (D:5)
  2 dart slugs
  2 orcs (D:3)
  3 endoplasms
  7 giant cockroaches
  13 goblins
  2 hobgoblins
  8 jackals
  5 quokkas
  A ball python (D:2)
  2 bats
  3 frilled lizards
  6 kobolds
  8 rats
77 creatures vanquished.

Notes
Turn   | Place    | Note
-------+----------+-------------------------------------------
     0 | D:1      | elagabalus the Merfolk Gladiator began the quest for the
                  | Orb.
     0 | D:1      | Reached XP level 1. HP: 16/16 MP: 1/1
   101 | D:1      | Reached skill level 5 in Polearms
   153 | D:1      | Reached XP level 2. HP: 12/22 MP: 2/2
   728 | D:2      | Reached skill level 6 in Polearms
   728 | D:2      | Reached XP level 3. HP: 27/27 MP: 3/3
  1036 | D:2      | Found a faded altar of an unknown god.
  1786 | D:3      | Reached XP level 4. HP: 27/33 MP: 4/4
  1787 | D:3      | Reached skill level 7 in Polearms
  1995 | D:3      | You fall into a shaft and drop 2 floors!
  1995 | D:5      | Entered Level 5 of the Dungeon
  2011 | D:5      | Reached skill level 8 in Polearms
  2011 | D:5      | Reached XP level 5. HP: 26/38 MP: 5/5
  2056 | D:5      | Noticed a centaur
  2084 | D:5      | Killed a centaur
  2085 | D:5      | Reached skill level 9 in Polearms
  2155 | D:5      | Reached XP level 6. HP: 13/44 MP: 6/6
  2222 | D:5      | Found a glowing drain.
  2452 | D:4      | Reached skill level 10 in Polearms
  2505 | D:4      | HP: 1/41 [ogre (27)]
  2846 | D:3      | Noticed Grinder
  2891 | D:3      | Killed Grinder
  2892 | D:3      | Reached skill level 11 in Polearms
  2892 | D:3      | Reached XP level 7. HP: 34/50 MP: 7/7
  2902 | D:3      | Found a sacrificial altar of Ru.
  2958 | D:3      | Noticed Robin
  2990 | D:3      | Killed Robin
  3337 | D:4      | Noticed Eustachio
  3365 | D:4      | Killed from afar by a white imp

Illustrated notes

Levels and vault maps discovered:
D:1:      kennysheep_arrival_forest, layout_basic, interstate_on_off,
          hex_intersection
D:2:      layout_basic, serial_corexii_hall, chequers_hall_statues_wall_a,
          corexii_hall_statues_deadend, corexii_hall_statues_l,
          hellmonk_ecumenical_altar_crossroads, kennysheep_donut
D:3:      layout_loops_corners, nicolae_ru_awakened_eye, uniq_grinder,
          uniq_robin
D:4:      layout_rooms, uniq_eustachio
D:5:      layout_basic, grunt_temple_overflow_holy_war, portal_sewer_entry_f,
          chequers_garden, corexii_hall_statues_x

Skill      XL: |  1  2  3  4  5  6 |
---------------+-------------------+-----
Polearms       | 5 6 8 9 11 | 11.7
Fighting       | |  2.1
Throwing       | |  2.0
Dodging        | |  4.0

Action                   |  1- 3 |  4- 6 |  7- 9 || total
-------------------------+-------+-------+-------++-------
Melee: Trident           |    99 |   127 |    68 ||   294
Throw: Javelin           |       |     7 |       ||     7
       Throwing net      |       |     2 |     1 ||     3
  Use: Scroll            |     2 |     2 |     2 ||     6
       Potion            |       |     1 |       ||     1
 Stab: Sleeping          |     6 |     1 |       ||     7
Armor: Leather armour    |     6 |       |       ||     6
       Robe              |     8 |    22 |    10 ||    40
Dodge: Dodged            |    33 |    51 |    26 ||   110

Table legend: (Time is in decaauts)
 A = Elapsed time spent in this place.
 B = Non-inter-level travel time spent in this place.
 C = Inter-level travel time spent in this place.
 D = Time resting spent in this place.
 E = Time spent auto-exploring this place.
 F = Levels seen in this place.
 G = Mean time per level.
                   A        B        C        D        E       F      G
               +--------+--------+--------+--------+--------+-----+--------+
         Total |   3325 |    987 |   2338 |      0 |      0 |   5 |  665.0 |
       Dungeon |   3325 |    987 |   2338 |      0 |      0 |   5 |  665.0 |
               +--------+--------+--------+--------+--------+-----+--------+

Top non-repeatable levels by time:
     D:3: 1251 daAuts
     D:2: 1109 daAuts
     D:5: 428 daAuts
     D:1: 426 daAuts
     D:4: 110 daAuts
